 Dungeon Crawl Stone Soup version 0.29-a0-1065-g47a6bb87d6 (webtiles) character file.

Game seed: 16468427091517089621

37 drugrobin the Sneak (level 3, -20/30 HPs)
             Began as a Demigod Delver on Aug 18, 2022.
             Demolished by a kobold
             ... wielding a +1 dagger of distortion
              (22 damage)
             ... on level 1 of the Dungeon.
             The game lasted 00:02:58 (1363 turns).

drugrobin the Sneak (Demigod Delver)                Turns: 1363, Time: 00:02:58

Health: -20/30     AC:  3    Str: 17    XL:     3   Next: 7%
Magic:  5/5        EV: 12    Int: 12    God:
Gold:   45         SH:  0    Dex: 15    Spells: 2/2 levels left

rFire   . . .      SeeInvis .   a - +0 war axe
rCold   . . .      Faith    .   (no shield)
rNeg    . . .      Spirit   .   l - +0 leather armour
rPois   .          Reflect  .   (no helmet)
rElec   .          Harm     .   (no cloak)
rCorr   .          Rampage  .   (no gloves)
Will    .....                   (no boots)
Stlth   +++.......              (no amulet)
HPRegen 0.10/turn               (no ring)
MPRegen 0.09/turn               (no ring)

@: no status effects
A: high MP 1, forlorn, divine attributes
a: no special abilities


You were on level 1 of the Dungeon.
You visited 1 branch of the dungeon, and saw 6 of its levels.

You collected 45 gold pieces.

Inventory:

Hand Weapons
 a - a +0 war axe (weapon)
 b - a +0 sling
 s - a +0 hand axe
Missiles
 i - 12 stones (quivered)
Armour
 l - a +0 leather armour (worn)
Wands
 g - a wand of digging (3)
Scrolls
 c - a scroll of fog
 d - a scroll of magic mapping
 e - a scroll of fear
 k - a scroll of silence {unknown}
 m - 2 scrolls of butterflies {unknown}
 n - a scroll of enchant weapon {unknown}
 o - a scroll of immolation {unknown}
 r - a scroll of torment {unknown}
 t - a scroll of teleportation {unknown}
 u - a scroll of enchant armour {unknown}
Potions
 f - a potion of haste
 h - a potion of attraction {unknown}
 j - a potion of flight {unknown}
 p - a potion of brilliance {unknown}
 q - a potion of mutation {unknown}
 v - a potion of resistance {unknown}


   Skills:
 - Level 2.6 Fighting
 + Level 3.3 Axes
 - Level 1.7 Dodging
 - Level 4.5 Stealth


You had 2 spell levels left.
You didn't know any spells.
Your spell library contained the following spells:

 Spells                   Type           Power      Damage    Failure   Level
 Sandblast                Erth           0%         2d4       38%         1
 Ensorcelled Hibernation  Hex/Ice        0%         N/A       52%         2
 Passwall                 Tmut/Erth      0%         N/A       52%         2
 Spider Form              Tmut/Pois      0%         N/A       77%         3
 Stone Arrow              Conj/Erth      0%         3d7       77%         3
 Anguish                  Hex/Necr       0%         N/A       99%         4


Dungeon Overview and Level Annotations

Branches:
Dungeon (6/15)             Temple (0/1) D:4


Innate Abilities, Weirdness & Mutations

You have an increased reservoir of magic. (+10% MP)
You shall have no god before yourself.
Your divine heritage dramatically boosts your attributes as you level up.


Message History

You feel stronger. x4
Unknown command.
Unknown command.
You hit the hobgoblin but do no damage. You miss the bat.
The bat hits you but does no damage. The hobgoblin hits you.
The bat barely misses you.
Unknown command.
You hit the hobgoblin but do no damage. You closely miss the bat.
The bat misses you. The hobgoblin barely misses you.
The hobgoblin closely misses you. The bat hits you.
Unknown command.
You slash the hobgoblin!
You kill the hobgoblin!
You slash the bat!
You kill the bat!
The ball python misses you. The ball python closely misses you.
Unknown command.
You closely miss the ball python. The ball python bites you.
The ball python grabs you. The ball python constricts you.
You barely miss the ball python. The ball python barely misses you.
The ball python constricts you.
The ball python bites you but does no damage.
The ball python constricts you.
You slash the ball python!
You kill the ball python!
You closely miss the kobold.
The kobold hits you with a +1 dagger of distortion.
Space warps horribly around you!
Ouch! That really hurt!
* * * LOW HITPOINT WARNING * * *
You barely miss the kobold.
The kobold hits you with a +1 dagger of distortion.
* * * LOW HITPOINT WARNING * * *
Space warps around you.
* * * LOW HITPOINT WARNING * * *
The kobold misses you.
You closely miss the kobold. The kobold hits you but does no damage.
Space warps horribly around you!!
Ouch! That really hurt!
You die...

#.....###..##.###
##...## #..##.#
##†#####..##.### ##
#....>.........
###.#####..####.#......
#.$........# #.#....##
#....#####.# #.#....##
#......###.# #........
#..###@....######......
##. #K##..............
.. ..! ..#####..##.##
#) ...## .# #.....# #.
..... .# #.###)##
##.#(# #####.#.....
..### ........###. ##.
##....# #. ...
#..#.###.


You could see a kobold.

Vanquished Creatures
  An orc (D:3)
  2 bats (D:1)
  4 endoplasms
  A giant cockroach (D:1)
  4 goblins (D:1)
  5 hobgoblins
  A kobold (D:3)
  2 quokkas
  5 ball pythons
  2 frilled lizards
  4 rats
31 creatures vanquished.

Vanquished Creatures (others)
  A fungus (D:1)
  A plant (D:1)
2 creatures vanquished.

Grand Total: 33 creatures vanquished

Notes
Turn   | Place    | Note
-------+----------+-------------------------------------------
     0 | D:5      | drugrobin the Demigod Delver began the quest for the Orb.
     0 | D:5      | Reached XP level 1. HP: 18/18 MP: 3/3
    34 | D:6      | Noticed a phantom
    43 | D:5      | Noticed an ogre
    79 | D:4      | Found a staircase to the Ecumenical Temple.
   476 | D:3      | Reached XP level 2. HP: 9/25 MP: 4/4
  1355 | D:1      | Reached XP level 3. HP: 29/30 MP: 5/5
  1363 | D:1      | Demolished by a kobold

Illustrated notes

Levels and vault maps discovered:
D:1:      spicycebolla_arrival_clurvy, layout_loops_ring,
          chequers_ecumenical_altar_grove, palyth_stone_intersect,
          minmay_pentomino_u4
D:2:      layout_loops_ring, minmay_quadrilaterals, uniq_crazy_yiuf_cottage,
          uniq_sigmund, uniq_terence, uniq_jessica
D:3:      minmay_general_purpose_star, layout_loops_ring, elyvilon_altar_5,
          mainiacjoe_overflow_six_doors_small, nicolae_kite_square_tiling_tiny,
          minmay_misc_feat_room, st_stairs_7, dreamdust_princess_corridor,
          patterned_corridor
D:4:      minmay_skewed_foursquare, layout_layer_cave,
          gammafunk_temple_overflow_forgotten, minmay_temple_entry_junction,
          serial_shops, shop, nicolae_stop_n_shop_2
D:5:      wad_crossroads, layout_loops_ring, serial_shops,
          nicolae_stop_n_shop_2, grunt_decor_one_mirror
D:6:      layout_cave_pods, ebering_ghost_sewer_f, uniq_blork_the_orc

Skill      XL: |  1  2 |
---------------+-------+-----
Axes           | 2 3 |  3.3
Fighting       | |  2.6
Dodging        | |  1.7
Stealth        | |  4.5

Action                   || total
-------------------------++-------
Melee: Hand axe          ||    38
       War axe           ||    26
 Fire: Sling             ||    12
 Stab: Sleeping          ||     3
       Distracted        ||     1
Armor: Leather armour    ||    15
Dodge: Dodged            ||    43

Table legend: (Time is in decaauts)
 A = Elapsed time spent in this place.
 B = Non-inter-level travel time spent in this place.
 C = Inter-level travel time spent in this place.
 D = Time resting spent in this place.
 E = Time spent auto-exploring this place.
 F = Levels seen in this place.
 G = Mean time per level.
                   A        B        C        D        E       F      G
               +--------+--------+--------+--------+--------+-----+--------+
         Total |   1378 |   1342 |     36 |    257 |    672 |   6 |  229.7 |
       Dungeon |   1378 |   1342 |     36 |    257 |    672 |   6 |  229.7 |
               +--------+--------+--------+--------+--------+-----+--------+

Top non-repeatable levels by time:
     D:1: 850 daAuts
     D:3: 431 daAuts
     D:5: 49 daAuts
     D:6: 29 daAuts
     D:2: 13 daAuts
     D:4: 4 daAuts
